 Dungeon Crawl Stone Soup version 0.22.1-1-ga44c0e56f4 (webtiles) character file.

129670 KleinerIrrer the Severer (level 17, -12/109 HPs)
             Began as a Formicid Fighter on Oct 28, 2018.
             Was the Champion of Okawaru.
             Mangled by a deep elf blademaster
             ... wielding a +0 rapier of draining
              (16 damage)
             ... on level 3 of the Elven Halls.
             The game lasted 01:30:06 (32716 turns).

KleinerIrrer the Severer (Formicid Fighter)        Turns: 32716, Time: 01:30:07

Health: -12/109    AC: 24    Str: 33    XL:     17   Next: 62%
Magic:  34/34      EV:  6    Int: 14    God:    Okawaru [******]
Gold:   1290       SH: 20    Dex: 15    Spells: 16/16 levels left

rFire    + + .     SeeInvis +   m - +1 broad axe (vamp)
rCold    + . .     Gourm    .   F - +0 large shield
rNeg     . . .     Faith    .   t - +3 plate armour {rF+}
rPois    +         Spirit   .   (helmet unavailable)
rElec    +         Reflect  .   d - +1 cloak {MR+}
rCorr    .         Harm     .   o - +2 pair of gloves "Wiol" {Int+4 Dex+2 Stlth-}
MR       ++...                  q - +0 pair of boots
Stlth    ..........             X - amulet of the acrobat
HPRegen  0.28/turn              T - ring of Pifoikkou {Fire rElec Str+4 Int-4 Dex+3}
MPRegen  0.24/turn              P - ring "Gomum" {*Contam rC++ MP+9 Str+4}

@: mighty, very heavily drained
A: permanent stasis, dig shafts and tunnels, four strong arms, antennae 3,
poison resistance, screaming 1, weak 1
a: Dig, Shaft Self, Heroism, Finesse, Renounce Religion


You were on level 3 of the Elven Halls.
You worshipped Okawaru.
Okawaru was exalted by your worship.
You were hungry.

You visited 5 branches of the dungeon, and saw 25 of its levels.
You also visited: Labyrinth.

You collected 2715 gold pieces.
You spent 1425 gold pieces at shops.

Inventory:

Hand Weapons
 g - a +6 executioner's axe of flaming
 h - the +8 battleaxe "Huifig" {venom, +Rage rC+++ Int-2 Dex-5}
   (You found it on level 2 of the Elven Halls)

   It poisons the flesh of those it strikes.
   It affects your intelligence (-2).
   It affects your dexterity (-5).
   It renders you almost immune to cold.
   It lets you go berserk.
 m - a +1 vampiric broad axe (weapon)
 D - the +11 executioner's axe of Success {venom, Int+4 SInv}
   (You acquired it on level 2 of the Elven Halls)

   It poisons the flesh of those it strikes.
   It affects your intelligence (+4).
   It lets you see invisible.
Missiles
 u - 112 bolts
 U - 23 javelins (quivered)
Armour
 d - a +1 cloak of magic resistance (worn)
 o - the +2 pair of gloves "Wiol" (worn) {Int+4 Dex+2 Stlth-}
   (You found it on level 13 of the Dungeon)

   It affects your intelligence (+4).
   It affects your dexterity (+2).
   It makes you less stealthy.
 q - a +0 pair of boots (worn)
 t - a +3 plate armour of fire resistance (worn)
 F - a +0 large shield (worn)
Jewellery
 b - an uncursed ring of protection from cold
 c - a +4 amulet of reflection {unknown}
 v - an uncursed ring of protection from magic
 I - an uncursed ring of resist corrosion
 P - the ring "Gomum" (right hand) {*Contam rC++ MP+9 Str+4}
   (You found it on level 12 of the Dungeon)

   [ring of magical power]

   It affects your strength (+4).
   It greatly protects you from cold.
   It affects your magic capacity (+9).
   It causes magical contamination when unequipped.
 T - the ring of Pifoikkou (left hand) {Fire rElec Str+4 Int-4 Dex+3}
   (You found it in a labyrinth)

   [ring of fire]

   It enhances your fire magic.
   It affects your strength (+4).
   It affects your intelligence (-4).
   It affects your dexterity (+3).
   It protects you from fire.
   It makes you vulnerable to cold.
   It insulates you from electricity.
 X - an amulet of the acrobat (around neck)
 Y - an uncursed ring of flight
Wands
 l - a wand of acid (6)
 s - a wand of paralysis (32)
 y - a wand of digging (21)
 A - a wand of iceblast (25)
 B - a wand of flame (66)
 H - a wand of disintegration (8)
 Q - a wand of enslavement (20)
 S - a wand of polymorph (12)
 V - a wand of random effects (77)
 Z - a wand of clouds (7)
Scrolls
 k - 6 scrolls of enchant armour
 r - 3 scrolls of fear
 x - 6 scrolls of amnesia
 E - 4 scrolls of remove curse
 G - a scroll of fog
 N - 5 scrolls of magic mapping
Potions
 e - 4 potions of brilliance
 i - 4 potions of flight
 j - 3 potions of curing
 n - 5 potions of mutation
 p - 2 potions of agility
 w - 6 potions of cancellation
 C - a potion of invisibility
 O - a potion of ambrosia
 R - 3 potions of might
Miscellaneous
 L - a lightning rod (4/4)
 W - a phantom mirror
Comestibles
 f - 29 rations


   Skills:
 - Level 3.2(0.0) Fighting
 + Level 19.9(14.4) Axes
 * Level 14.1(9.2) Armour
 - Level 15.0(10.0) Shields
 - Level 8.0(3.8) Invocations
 * Level 10.8(6.3) Evocations


You had 16 spell levels left.
You didn't know any spells.
Your spell library contained the following spells:

 Spells                   Type           Power        Failure   Level  Hunger
 Animate Skeleton         Necr           N/A          99%         1    ##.....
 Apportation              Tloc           #.....       99%         1    ##.....
 Beastly Appendage        Tmut           #.....       99%         1    ##.....
 Confusing Touch          Hex            #.....       99%         1    ##.....
 Freeze                   Ice            #...         99%         1    ##.....
 Magic Dart               Conj           #...         99%         1    ##.....
 Sting                    Conj/Pois      #...         99%         1    ##.....
 Summon Small Mammal      Summ           #...         99%         1    ##.....
 Call Imp                 Summ           #.......     100%        2    ###....
 Poisonous Vapours        Pois/Air       #.....       100%        2    ###....
 Slow                     Hex            #.......     100%        2    ###....
 Sticks to Snakes         Tmut           #.......     100%        2    ###....
 Throw Frost              Conj/Ice       #.....       100%        2    ###....
 Call Canine Familiar     Summ           #.......     100%        3    ####...
 Conjure Flame            Conj/Fire      #.......     100%        3    ####...
 Ignite Poison            Fire/Tmut/Pois #.......     100%        3    ####...
 Mephitic Cloud           Conj/Pois/Air  #.......     100%        3    ####...
 Ozocubu's Armour         Chrm/Ice       #.......     100%        3    ####...
 Spider Form              Tmut/Pois      #.........   100%        3    ####...
 Ice Form                 Ice/Tmut       #.......     100%        4    #####..
 Olgreb's Toxic Radiance  Pois           #.......     100%        4    #####..
 Summon Ice Beast         Ice/Summ       #.......     100%        4    #####..
 Throw Icicle             Conj/Ice       #.......     100%        4    #####..
 Blade Hands              Tmut           #.........   100%        5    ######.
 Excruciating Wounds      Chrm/Necr      #.........   100%        5    ######.
 Summon Mana Viper        Hex/Summ       #.......     100%        5    ######.
 Venom Bolt               Conj/Pois      #.........   100%        5    ######.
 Statue Form              Tmut/Erth      #........    100%        6    #######
 Blink                    Tloc           Unusable     N/A         2    N/A

Dungeon Overview and Level Annotations

Branches:
Dungeon (13/15)            Temple (1/1) D:5            Lair (6/6) D:8
 Shoals (0/4) Lair:3        Snake (0/4) Lair:3        Slime (0/5) Lair:6
    Orc (2/2) D:10            Elf (3/3) Orc:2        Vaults (0/5) D:13

Altars:
Ashenzari
Dithmenos
Elyvilon
Fedhas
Gozag
Hepliaklqana
Kikubaaqudgha
Makhleb
Nemelex Xobeh
Okawaru
Qazlal
Ru
Sif Muna
Trog
Uskayaw
Vehumet
Wu Jian
Xom
Yredelemnul
Zin
The Shining One
Beogh

Shops:
Orc:1 (**[   Orc:2 [[}*(*([   Elf:2 [

Annotations:
D:4 Prince Ribbit
D:6 Pikel
D:9 2 transporters
Elf:3 exclusion: Roxanne, Roxanne


Innate Abilities, Weirdness & Mutations

You cannot be hasted, slowed, berserked, paralysed or teleported.
You can dig through walls and to a lower floor.
Your four strong arms can wield two-handed weapons with a shield.
You have a pair of large antennae on your head. (SInv)
Your system is resistant to poisons. (rPois)
You occasionally shout uncontrollably at your foes.
You are weak. (Str -2)


Message History

You feel drained.
* * * LOW HITPOINT WARNING * * *
Okay, then.
As you read the scroll of fear, it crumbles to dust.
You assume a fearsome visage.
The deep elf blademaster resists with almost no effort.
The deep elf blademaster hits you but does no damage.
You feel drained.
The deep elf blademaster hits you with a rapier of draining!
* * * LOW HITPOINT WARNING * * *
You feel drained.
* * * LOW HITPOINT WARNING * * *
Some walls begin to move on their own!
Okay, then.
Okay, then.
You retract your mandibles.
You barely miss the deep elf blademaster.
The deep elf blademaster is moderately wounded.
The deep elf blademaster hits you with a rapier of draining!
You die...

#..#...#
#####..#...#
....?..#...#
.......#...#
########)..#
..........E#####
............{EE#
.........(.{{{{###
#####.##..)#E{{#@#
##...##)####Ee##
##e..####)# #E##
#...## ### ##
#...## { ##... {
##.. ##.. #. {


You could see a deep elf blademaster and 2 earth elementals.

Vanquished Creatures
  A large abomination (Elf:3)
  2 deep elf master archers (Elf:3)
  Louise (Elf:3)
  A deep elf sorcerer (Elf:3)
  3 orc warlords (Orc:2)
  A war gargoyle (D:12)
  A deep elf demonologist (Elf:3)
  Azrael (D:12)
  A deep elf annihilator (Elf:1)
  A minotaur (Lab)
  Snorg (Lair:6)
  2 deep elf death magi (Elf:3)
  2 deep elf high priests (Elf:3)
  An ice dragon (Lair:6)
  The ghost of D1HalberdGnoll the Spear-Bearer, a journeyman MfSk of Zin (Lair:1)
  4 vault guards (D:13)
  A hydra (D:12)
  2 two-headed ogres (D:13)
  24 dancing weapons
  2 centaur warriors (D:13)
  Sonja (Lair:2)
  2 orc high priests (Orc:2)
  Urug (D:10)
  15 deep elf knights
  Nergalle (Orc:1)
  4 skeletal warriors (D:13)
  3 unseen horrors
  3 deep elf archers (Elf:2)
  An orc knight (Orc:2)
  2 ugly things
  2 orc sorcerers (Orc:2)
  48 deep elf magi
  A manticore (D:7)
  8 elephants
  5 black mambas
  A merfolk siren (Lair:3)
  2 centaur skeletons (D:10)
  13 gargoyles
  11 spiny frogs
  An efreet (D:13)
  A kobold demonologist (D:13)
  4 rime drakes
  A tengu conjurer (D:13)
  4 komodo dragons
  2 polar bears (Lair:6)
  4 hornets
  7 trolls
  3 merfolk (Lair:3)
  5 slime creatures
  Grinder (D:6)
  3 dream sheep
  A meliai zombie (D:13)
  8 hippogriffs
  13 spriggans (Lair:6)
  A vampire (D:11)
  3 wraiths (D:13)
  Sigmund (D:4)
  An air elemental (Elf:1)
  3 wyverns
  22 yaks
  5 fire elementals
  3 water elementals
  4 hungry ghosts
  A basilisk (Lair:1)
  Menkaure (D:6)
  2 nagas (Lair:3)
  5 wargs
  17 water moccasins
  A hell hound (D:11)
  9 porcupines
  Duvessa (D:5)
  39 orc warriors
  3 sky beasts
  A hornet zombie (D:12)
  A necrophage (D:9)
  5 black bears
  5 boggarts (Lair:6)
  6 centaurs
  14 ogres
  6 phantoms
  20 wolves (Lair:6)
  13 crocodiles
  4 big kobolds
  23 bullfrogs
  A gnoll sergeant (D:12)
  2 earth elementals
  4 wyvern zombies
  Dowan (D:5)
  7 scorpions
  3 killer bees (D:9)
  4 wights (D:11)
  2 electric eels
  A howler monkey (D:4)
  3 bullfrog zombies
  2 centaur zombies
  6 crimson imps
  6 hounds
  A quasit (D:13)
  27 orc priests
  3 jellies
  4 bullfrog skeletons
  36 orc wizards
  Jessica (D:3)
  3 iguanas
  Ijyb (D:3)
  Terence (D:3)
  8 worker ants
  A hound zombie (D:11)
  A hound skeleton (D:3)
  2 worker ant zombies
  12 gnolls
  11 adders
  3 shadow imps
  3 white imps (Lair:6)
  2 adder zombies
  2 adder skeletons
  5 worms
  2 dart slugs
  10 leopard geckos
  115 orcs
  4 ball pythons
  8 bats
  5 giant cockroaches
  13 goblins
  9 hobgoblins
  8 jackals
  8 quokkas
  4 frilled lizards
  A jackal skeleton (D:7)
  10 kobolds
  3 rats
  4 fungi
  8 plants
836 creatures vanquished.

Vanquished Creatures (others)
  3 fungi
  A plant (Lair:1)
4 creatures vanquished.

Grand Total: 840 creatures vanquished

Notes
Turn   | Place    | Note
-------+----------+-------------------------------------------
     0 | D:1      | KleinerIrrer the Formicid Fighter began the quest for the
                  | Orb.
     0 | D:1      | Reached XP level 1. HP: 18/18 MP: 1/1
   182 | D:1      | Reached XP level 2. HP: 24/24 MP: 2/2
   292 | D:1      | Reached skill level 3 in Axes
   525 | D:1      | Reached XP level 3. HP: 29/29 MP: 3/3
  1059 | D:2      | Reached XP level 4. HP: 35/35 MP: 4/4
  1565 | D:3      | Found a blossoming altar of Fedhas.
  1567 | D:3      | Found an ancient bone altar of Kikubaaqudgha.
  1572 | D:3      | Noticed Jessica
  1579 | D:3      | Killed Jessica
  1579 | D:3      | Reached skill level 4 in Axes
  1579 | D:3      | Reached XP level 5. HP: 41/41 MP: 5/5
  1612 | D:3      | Noticed Ijyb
  1626 | D:3      | Killed Ijyb
  1658 | D:3      | Noticed Terence
  1663 | D:3      | Killed Terence
  1797 | D:3      | Found a sparkling altar of Nemelex Xobeh.
  1798 | D:3      | Found an opulent altar of Gozag.
  2185 | D:3      | Reached skill level 5 in Axes
  2185 | D:3      | Reached XP level 6. HP: 46/47 MP: 6/6
  2684 | D:4      | Noticed an ogre
  2692 | D:4      | Killed an ogre
  2878 | D:4      | Reached skill level 5 in Shields
  2878 | D:4      | Reached XP level 7. HP: 46/52 MP: 7/7
  2953 | D:4      | Reached skill level 6 in Axes
  3249 | D:4      | Noticed Sigmund
  3261 | D:4      | Killed Sigmund
  3261 | D:4      | Reached skill level 5 in Armour
  3261 | D:4      | Reached XP level 8. HP: 46/58 MP: 8/8
  3587 | D:5      | Entered Level 5 of the Dungeon
  3602 | D:5      | Reached skill level 7 in Axes
  3726 | D:5      | Noticed Prince Ribbit
  4086 | D:5      | Noticed Dowan
  4090 | D:5      | Noticed Duvessa
  4798 | D:5      | Killed Duvessa
  4800 | D:5      | Reached skill level 8 in Axes
  4804 | D:5      | Killed Dowan
  5113 | D:5      | Found a staircase to the Ecumenical Temple.
  5205 | Temple   | Entered the Ecumenical Temple
  5258 | Temple   | Became a worshipper of Warmaster Okawaru
  5337 | D:6      | Noticed Pikel
  5353 | D:6      | Reached XP level 9. HP: 49/64 MP: 9/9
  6005 | D:6      | Found an ornate altar of the Wu Jian Council.
  6067 | D:6      | Noticed Grinder
  6120 | D:6      | Killed Grinder
  6120 | D:6      | Reached * piety under Okawaru
  6168 | D:6      | Reached skill level 9 in Axes
  6321 | D:6      | Found a hazy altar of Hepliaklqana.
  6348 | D:6      | Noticed Menkaure
  6357 | D:6      | Killed Menkaure
  6358 | D:6      | Found a white marble altar of Elyvilon.
  6393 | D:6      | Found an iron altar of Okawaru.
  6537 | D:7      | Noticed a manticore
  6552 | D:7      | Killed a manticore
  6552 | D:7      | Reached ** piety under Okawaru
  6552 | D:7      | Reached XP level 10. HP: 11/70 MP: 8/11
  7177 | D:7      | Reached skill level 10 in Axes
  7334 | D:7      | Identified the Handbook of Changing and Evil Rituals
  7344 | D:7      | Got a brightly glowing rapier
  7376 | D:7      | Identified the cursed +1 rapier of Triumph {venom, +Blink
                  | +Fly MR++ Str-4} (You found it on level 7 of the Dungeon)
  7561 | D:7      | Found a bloodstained altar of Trog.
  8532 | D:8      | Reached skill level 10 in Shields
  8578 | D:8      | Found a burning altar of Makhleb.
  8613 | D:8      | Found a staircase to the Lair.
  8696 | D:9      | Found a transporter.
  8710 | D:9      | Found a transporter.
  8809 | D:9      | Reached *** piety under Okawaru
  9333 | D:9      | Reached XP level 11. HP: 75/75 MP: 14/14
  9562 | D:10     | Entered Level 10 of the Dungeon
  9611 | D:10     | Reached skill level 11 in Axes
  9611 | D:10     | Reached skill level 5 in Invocations
  9669 | D:10     | Reached **** piety under Okawaru
 10071 | D:10     | Found the +7 Singing Sword
 10163 | D:10     | Found a staircase to the Orcish Mines.
 10179 | D:10     | Noticed Urug
 10209 | D:10     | Killed Urug
 10297 | D:10     | Reached ***** piety under Okawaru
 10528 | D:10     | Found a roughly hewn altar of Beogh.
 10883 | Orc:1    | Entered Level 1 of the Orcish Mines
 10883 | Orc:1    | Found Umodd's Assorted Antiques.
 11055 | Orc:1    | Found Laobrist's Assorted Antiques.
 11145 | Orc:1    | Found Fiema's Antique Armour Shop.
 11186 | Orc:1    | Noticed Nergalle
 11205 | Orc:1    | Killed Nergalle
 11248 | Orc:2    | Entered Level 2 of the Orcish Mines
 11638 | Orc:2    | Found Huif's Armour Emporium.
 11639 | Orc:2    | Found Ogibidyo's General Store.
 11671 | Orc:2    | Bought a scroll of fear for 49 gold pieces
 11719 | Orc:2    | Noticed an orc sorcerer
 11744 | Orc:2    | Killed an orc sorcerer
 11759 | Orc:2    | Reached skill level 12 in Axes
 11888 | Orc:2    | Found a staircase to the Elven Halls.
 11888 | Orc:2    | Noticed an orc warlord
 12047 | Orc:1    | Found Plog's Antique Weapon Shoppe.
 12062 | Orc:1    | Reached XP level 12. HP: 49/81 MP: 14/17
 12478 | Orc:2    | Killed an orc warlord
 12564 | Orc:2    | Found a roughly hewn altar of Beogh.
 12564 | Orc:2    | Noticed an orc high priest
 12565 | Orc:2    | Found Weblaota's Armour Shoppe.
 12565 | Orc:2    | Found Vearreps's Gadget Emporium.
 12663 | Orc:2    | Killed an orc high priest
 12663 | Orc:2    | Received a gift from Okawaru
 12815 | Orc:2    | Found a roughly hewn altar of Beogh.
 12936 | Orc:2    | Found a roughly hewn altar of Beogh.
 13462 | Orc:2    | Found Timosyor's General Store.
 13470 | Orc:2    | Found a roughly hewn altar of Beogh.
 13567 | Orc:2    | Bought a potion of heal wounds for 60 gold pieces
 13688 | Orc:2    | Noticed a soul eater
 13861 | Orc:2    | Noticed an orc high priest
 13879 | Orc:2    | Killed an orc high priest
 13879 | Orc:2    | Reached ****** piety under Okawaru
 13879 | Orc:2    | Reached skill level 13 in Axes
 13931 | Orc:2    | Noticed an orc warlord
 13960 | Orc:2    | Killed an orc warlord
 14475 | Orc:2    | Noticed an orc warlord
 14512 | Orc:2    | Killed an orc warlord
 14512 | Orc:2    | Reached XP level 13. HP: 68/86 MP: 13/19
 14943 | Orc:2    | Found Heuv Wuy's Antique Weapon Shop.
 14944 | Orc:2    | Found a roughly hewn altar of Beogh.
 14964 | Orc:2    | Found Geso's Antique Armour Boutique.
 15037 | Orc:2    | Found a roughly hewn altar of Beogh.
 15038 | Orc:2    | Found Ablom Eto's Weapon Boutique.
 15417 | Orc:2    | Bought a scroll of identify for 24 gold pieces
 15570 | Orc:1    | Bought a jewelled plate armour for 812 gold pieces
 15570 | Orc:1    | Bought a pair of embroidered gloves for 217 gold pieces
 15580 | Orc:1    | Identified the +1 plate armour of the Undertaker {Dex+2}
                  | (You bought it in a shop on level 1 of the Orcish Mines)
 15612 | Orc:1    | Bought a scroll labeled YNLUUNTOKA for 23 gold pieces
 15612 | Orc:1    | Bought a coral ring for 115 gold pieces
 15612 | Orc:1    | Bought a scroll labeled OFUMOR KALEO for 23 gold pieces
 15627 | Orc:1    | Bought a scroll of identify for 68 gold pieces
 15627 | Orc:1    | Bought a scroll labeled XYATEYXESK for 34 gold pieces
 15710 | Lair:1   | Entered Level 1 of the Lair of Beasts
 15821 | Lair:1   | Received a gift from Okawaru
 15905 | Lair:1   | Reached skill level 1 in Evocations
 15967 | Lair:1   | Reached skill level 14 in Axes
 16131 | Lair:1   | Found a runed gate.
 16132 | Lair:1   | Found a runed gate.
 16729 | Lair:1   | Found the +8 whip "Snakebite" {curare, rPois}
 16992 | Lair:1   | Found a runed gate.
 16992 | Lair:1   | Noticed D1HalberdGnoll's ghost (journeyman MfSk)
 17028 | Lair:1   | Killed D1HalberdGnoll's ghost
 17739 | Lair:2   | Noticed Sonja
 17798 | Lair:2   | Killed Sonja
 18458 | Lair:2   | Identified the Almanac of Creative Boosts
 18692 | Lair:3   | Found a staircase to the Snake Pit.
 19070 | Lair:3   | Found a staircase to the Shoals.
 19404 | Lair:3   | Reached skill level 10 in Armour
 20469 | Lair:4   | Found a labyrinth entrance.
 20478 | Lab      | Entered a labyrinth
 20549 | Lab      | Reached XP level 14. HP: 60/93 MP: 20/20
 21041 | Lab      | Noticed a minotaur
 21062 | Lab      | Killed a minotaur
 21062 | Lab      | Received a gift from Okawaru
 21075 | Lab      | Got a vibrating iron ring
 21080 | Lab      | Got an encrusted flail
 21080 | Lab      | Got a distressingly furry leather armour
 21080 | Lab      | Got a warped leather armour
 21095 | Lair:4   | Reached skill level 15 in Axes
 21131 | Lair:4   | Identified the +0 leather armour of Shielding {*Slow Str+4}
                  | (You found it in a labyrinth)
 21141 | Lair:4   | Identified the +0 leather armour of Disaster {rF+ rC+
                  | Dex+2} (You found it in a labyrinth)
 21154 | Lair:4   | Identified the ring of Pifoikkou {Fire rElec Str+4 Int-4
                  | Dex+3} (You found it in a labyrinth)
 21159 | Lair:4   | Identified the +9 flail of the Bruised People {crush, Int+9
                  | Dex-4} (You found it in a labyrinth)
 21270 | Lair:4   | Reached skill level 5 in Evocations
 21561 | Lair:4   | You fall through a shaft!
 22371 | Lair:5   | Reached skill level 15 in Shields
 22658 | Lair:6   | Entered Level 6 of the Lair of Beasts
 22715 | Lair:6   | Received a gift from Okawaru
 22812 | Lair:6   | Found a staircase to the Slime Pits.
 22948 | Lair:6   | Noticed Snorg
 22968 | Lair:6   | Killed Snorg
 23563 | Lair:6   | Reached skill level 16 in Axes
 24616 | D:11     | Reached XP level 15. HP: 98/98 MP: 21/21
 25144 | D:11     | Received a gift from Okawaru
 25489 | D:12     | Got a sparkling jade ring
 25768 | D:12     | Noticed Azrael
 25775 | D:12     | Killed Azrael
 25777 | D:12     | Noticed a war gargoyle
 26250 | D:12     | Killed a war gargoyle
 26250 | D:12     | Received a gift from Okawaru
 26250 | D:12     | Reached skill level 17 in Axes
 26884 | D:12     | Identified the ring "Gomum" {*Contam rC++ MP+9 Str+4} (You
                  | found it on level 12 of the Dungeon)
 26974 | D:13     | Got a pair of bloodstained gloves
 26985 | D:13     | Identified the +2 pair of gloves "Wiol" {Int+4 Dex+2
                  | Stlth-} (You found it on level 13 of the Dungeon)
 27641 | D:13     | Found a gate to the Vaults.
 27667 | D:13     | Gained mutation: You are weak. (Str -2) [a neqoxec]
 27854 | D:13     | Lost mutation: You are weak. (Str -2) [potion of mutation]
 27854 | D:13     | Gained mutation: You are weak. (Str -2) [potion of
                  | mutation]
 27854 | D:13     | Gained mutation: You occasionally shout uncontrollably at
                  | your foes. [potion of mutation]
 27854 | D:13     | Gained mutation: Your system is resistant to poisons.
                  | (rPois) [potion of mutation]
 28197 | Elf:1    | Entered Level 1 of the Elven Halls
 28273 | Elf:1    | Reached skill level 18 in Axes
 28311 | Elf:1    | Reached XP level 16. HP: 93/104 MP: 22/22
 28615 | Elf:1    | Received a gift from Okawaru
 28676 | Elf:1    | Got a scorched ring mail {god gift}
 28687 | Elf:1    | Identified the +2 ring mail of Temperance {rElec rC++ Dex+3
                  | Stlth-} (Okawaru gifted it to you on level 1 of the Elven
                  | Halls)
 29620 | Elf:2    | Found a huge runed gate.
 29620 | Elf:2    | Found a huge runed gate.
 29620 | Elf:2    | Found a huge runed gate.
 29620 | Elf:2    | Found a huge runed gate.
 29624 | Elf:2    | Found a huge runed gate.
 29908 | Elf:2    | Reached skill level 19 in Axes
 29939 | Elf:2    | Got a transparent battleaxe
 29940 | Elf:2    | Identified a scroll of acquirement
 29941 | Elf:2    | Got a pitted executioner's axe
 29988 | Elf:2    | Found Xoigy Jogeu's Antique Armour Emporium.
 30067 | Elf:2    | Received a gift from Okawaru
 30218 | Elf:2    | Identified the +11 executioner's axe of Success {venom,
                  | Int+4 SInv} (You acquired it on level 2 of the Elven Halls)
 30219 | Elf:2    | Identified the +8 battleaxe "Huifig" {venom, +Rage rC+++
                  | Int-2 Dex-5} (You found it on level 2 of the Elven Halls)
 30232 | Elf:2    | Reached skill level 10 in Evocations
 30525 | Elf:2    | Reached XP level 17. HP: 46/109 MP: 24/24
 30528 | Elf:2    | HP: 4/109 [glaive of protection (24)]
 31876 | Elf:3    | Entered Level 3 of the Elven Halls
 31936 | Elf:3    | Noticed Louise
 31977 | Elf:3    | Killed Louise
 32106 | Elf:3    | Noticed Roxanne
 32469 | Elf:3    | Noticed a deep elf master archer
 32494 | Elf:3    | Killed a deep elf master archer
 32494 | Elf:3    | Received a gift from Okawaru
 32620 | Elf:3    | Noticed a deep elf master archer
 32640 | Elf:3    | Killed a deep elf master archer
 32674 | Elf:3    | Noticed a deep elf blademaster
 32715 | Elf:3    | HP: 4/109 [deep elf blademaster/rapier of draining (2)]
 32716 | Elf:3    | Mangled by a deep elf blademaster

Skill      XL: |  1  2  3  4  5  6  7  8  9 10 11 12 13 14 15 16 17 |
---------------+----------------------------------------------------+-----
Axes           | 3 4 5 6 8 9 10 12 13 14 16 18 19 | 19.9
Shields        | 4 5 7 8 10 12 13 14 15 | 15.0
Armour         | 4 5 6 7 8 9 10 11 13 14 | 14.1
Invocations    | 2 4 7 8 |  8.0
Evocations     | 4 7 8 10 | 10.8
Fighting       | |  3.2

Action                   |  1- 3 |  4- 6 |  7- 9 | 10-12 | 13-15 | 16-18 || total
-------------------------+-------+-------+-------+-------+-------+-------++-------
Melee: War axe           |    96 |   140 |   350 |   100 |       |       ||   686
       Hand axe          |       |       |       |  1039 |       |       ||  1039
       Battleaxe         |       |       |       |   227 |   639 |       ||   866
       Broad axe         |       |       |       |       |  1303 |   690 ||  1993
       Executioner's axe |       |       |       |       |    36 |   113 ||   149
       Flail             |       |       |       |       |    10 |       ||    10
Invok: Heroism           |       |       |     2 |    13 |     9 |     7 ||    31
       Finesse           |       |       |       |     3 |     4 |     5 ||    12
 Abil: Dig               |       |       |       |     6 |     3 |    11 ||    20
       Shaft Self        |       |       |       |       |     1 |       ||     1
  Use: Scroll            |     3 |     2 |     5 |     5 |    21 |     2 ||    38
       Potion            |       |       |     5 |       |     5 |     4 ||    14
 Stab: Distracted        |       |       |       |       |       |     1 ||     1
  Eat: Chunk             |     1 |     6 |    11 |    34 |    36 |    13 ||   101
       Ration            |       |       |     1 |     1 |     9 |     2 ||    13
Armor: Scale mail        |    46 |    65 |    19 |       |       |       ||   130
       Plate armour      |       |       |   137 |   276 |   587 |    35 ||  1035
       Chain mail        |       |       |       |       |       |    83 ||    83
Dodge: Dodged            |    25 |    46 |    64 |   109 |   295 |    72 ||   611
Block: Shield            |    53 |    57 |    74 |       |       |       ||   184
       Large shield      |       |       |   191 |   883 |  1696 |   389 ||  3159
